 Dungeon Crawl Stone Soup version 0.28-a0-850-g09de17f5b5 (webtiles) character file.

Game seed: 7205903474136443893

438 porpoise the Conjurer (level 7, -3/36 HPs)
             Began as a Tengu Conjurer on Nov 14, 2021.
             Slain by Pikel (4 damage)
             ... on level 6 of the Dungeon.
             The game lasted 00:10:33 (4165 turns).

porpoise the Conjurer (Tengu Conjurer)              Turns: 4165, Time: 00:10:34

Health: -3/36      AC:  2    Str:  7    XL:     7   Next: 1%
Magic:  13/15      EV: 14    Int: 20    God:
Gold:   57         SH:  0    Dex: 13    Spells: 4/15 levels left

rFire   . . .      SeeInvis .   a - +2 dagger (venom)
rCold   . . .      Faith    .   (no shield)
rNeg    . . .      Spirit   .   h - +0 robe
rPois   .          Reflect  .   (helmet restricted)
rElec   .          Harm     .   (no cloak)
rCorr   .          Rampage  .   (no gloves)
Will    .....                   (boots unavailable)
Stlth   ++........              (no amulet)
HPRegen 0.12/turn               (no ring)
MPRegen 0.14/turn               (no ring)

@: flying quickly and evasively, quick
A: beak, talons 3, nimble flight
a: no special abilities


You were on level 6 of the Dungeon.
You visited 2 branches of the dungeon, and saw 5 of its levels.

You collected 57 gold pieces.

Inventory:

Hand Weapons
 a - a +2 dagger of venom (weapon)
Armour
 h - a +0 robe (worn)
Scrolls
 c - a scroll of identify {unknown}
 d - a scroll of vulnerability {unknown}
 f - a scroll of fear {unknown}
 i - a scroll of teleportation {unknown}
Potions
 b - a potion of might {unknown}
 e - a potion of magic {unknown}
 g - a potion of curing {unknown}
 j - a potion of flight {unknown}


   Skills:
 - Level 2.2 Dodging
 - Level 2.1 Stealth
 + Level 4.8 Spellcasting
 - Level 7.0 Conjurations
 + Level 2.4 Hexes


You had 4 spell levels left.
You knew the following spells:

 Your Spells              Type           Power      Damage    Failure   Level
a - Magic Dart            Conj           100%       1d8       1%          1
b - Searing Ray           Conj           64%        2d6       1%          2
c - Fulminant Prism       Conj/Hex       11%        3d9       17%         4
d - Iskenderun's Mystic   Conj/Tloc      18%        2d6       28%         4

Your spell library contained the following spells:

 Spells                   Type           Power      Damage    Failure   Level
 Dazzling Flash           Conj/Hex       46%        N/A       4%          3
 Conjure Flame            Conj/Fire      18%        6-21      9%          3
 Stone Arrow              Conj/Erth      36%        3d9       9%          3
 Sandblast                Erth           8%         2d5       12%         1
 Passwall                 Tmut/Erth      3%         N/A       19%         2
 Sticky Flame             Conj/Fire      18%        2d4       28%         4
 Ignite Poison            Fire/Tmut/Pois 4%         N/A       34%         3


Dungeon Overview and Level Annotations

Branches:
Dungeon (6/15)             Temple (1/1) D:6

Altars:
Ashenzari
Cheibriados
Dithmenos
Elyvilon
Fedhas
Gozag
Hepliaklqana
Kikubaaqudgha
Makhleb
Okawaru
Qazlal
Ru
Sif Muna
Trog
Zin
The Shining One

Shops:
D:1 =[

Annotations:
D:6 Pikel


Innate Abilities, Weirdness & Mutations

You have a beak for a mouth.
You have claws for feet.
Your magical nature lets you fly swiftly and evasively.


Message History

Found an ancient bone altar of Kikubaaqudgha.
Found a bloodstained altar of Trog.
There is a bloodstained altar of Trog here.
Found a glowing silver altar of Zin.
Found a broken altar of Ashenzari.
Found a blossoming altar of Fedhas.
There is a broken altar of Ashenzari here.
There is a fountain of clear blue water here.
Found an iron altar of Okawaru.
There is a fountain of clear blue water here.
Done exploring.
Unknown command.
(D) Dungeon (T) Temple
Where to? (Enter - D:3, ? - help)
There is a staircase back to the Dungeon here.
You fly upwards.
Welcome back to the Dungeon!
You hear the sound of rushing water.
There is an entrance to a sewer on this level.
Hurry and find it before the portal rusts away!
Level annotation: Pikel You hear the rusting of a drain nearby.
The scorpion stings you. The lemure closely misses you. The lemure hits you.
The water moccasin skeleton barely misses you.
The scorpion barely misses you. The lemure closely misses you.
Pikel hits you with a +1 whip of freezing!
Pikel freezes you. The lemure barely misses you. x2
The water moccasin skeleton bites you.
There is a staircase to the Ecumenical Temple, spattered with blood here.
Casting: Searing Ray (safe; 1% risk of failure)
Confirm with . or Enter, or press ? or * to list all spells.
Aiming: Searing Ray (safe; 1% risk of failure)
Press: ? - help, Shift-Dir - straight line, f - lemure
Aim: a lemure (76% to hit)
The searing ray hits the lemure.
The lemure is moderately wounded. (Press . to maintain the ray.)
The scorpion closely misses you.
Pikel hits you with a +1 whip of freezing!
* * * LOW HITPOINT WARNING * * *
Pikel freezes you.
You die...

#........#
#...######
##.<.########
#...........#
#.#.#.#.#.#.#
#...........##
#.#.......#..#
#.....K......#
#.#.(5@s..#..#
...(...5Z5.....#
#...#.......#..#
###.........$..#
...#.#.#.#.#..#
###............#
##..#.........
##.#.........


You could see Pikel, 3 lemures, a scorpion and a water moccasin skeleton.

Vanquished Creatures
  Sigmund (D:3)
  A lemure (Temple)
  A hound (D:6)
  A jelly (D:3)
  Jessica (D:2)
  Terence (D:3)
  An iguana (D:2)
  6 gnolls (D:2)
  2 adders
  A white imp (D:3)
  4 dart slugs
  2 endoplasms
  3 giant cockroaches
  4 goblins
  2 hobgoblins (D:1)
  6 jackals (D:1)
  5 quokkas
  5 ball pythons
  2 bats (D:2)
  4 frilled lizards
  4 kobolds
  9 rats
66 creatures vanquished.

Vanquished Creatures (others)
  4 plants (D:1)
4 creatures vanquished.

Grand Total: 70 creatures vanquished

Notes
Turn   | Place    | Note
-------+----------+-------------------------------------------
     0 | D:1      | porpoise the Tengu Conjurer began the quest for the Orb.
     0 | D:1      | Reached XP level 1. HP: 10/10 MP: 4/4
   318 | D:1      | Reached XP level 2. HP: 15/15 MP: 4/6
   321 | D:1      | Learned a level 2 spell: Searing Ray
   808 | D:1      | Reached skill level 6 in Conjurations
   973 | D:1      | Found Keirhil's Antique Armour Emporium.
  1184 | D:1      | Reached XP level 3. HP: 19/19 MP: 3/7
  1243 | D:1      | Found Ovyisok's Jewellery Emporium.
  1902 | D:2      | Reached XP level 4. HP: 24/24 MP: 3/9
  1917 | D:2      | Learned a level 4 spell: Fulminant Prism
  1967 | D:2      | Found a faded altar of an unknown god.
  2202 | D:2      | Noticed Jessica
  2208 | D:2      | Killed Jessica
  2529 | D:2      | Reached skill level 7 in Conjurations
  2529 | D:2      | Gained mutation: Your magical nature lets you fly swiftly
                  | and evasively. [Tengu growth]
  2529 | D:2      | Reached XP level 5. HP: 28/28 MP: 4/11
  2707 | D:2      | Learned a level 4 spell: Iskenderun's Mystic Blast
  2794 | D:3      | Reached skill level 1 in Hexes
  3061 | D:3      | Noticed Terence
  3075 | D:3      | Killed Terence
  3361 | D:3      | Reached XP level 6. HP: 24/32 MP: 8/13
  3502 | D:3      | Noticed Sigmund
  3516 | D:3      | Killed Sigmund
  3887 | D:3      | You are sucked into a shaft and drop 3 floors!
  3891 | D:6      | Reached XP level 7. HP: 31/36 MP: 10/15
  3925 | D:6      | Found a staircase to the Ecumenical Temple.
  3930 | D:6      | Noticed Pikel
  3934 | Temple   | Entered the Ecumenical Temple
  4165 | D:6      | HP: 1/36 [Pikel (12)]
  4165 | D:6      | Slain by Pikel

Illustrated notes

Levels and vault maps discovered:
D:1:      amcnicky_arrival_feature_with_door, layout_loops_corners,
          serial_shops, nicolae_lakefront_shop, nicolae_shop_crystal,
          serial_forest, infiniplex_forest_straight_2,
          infiniplex_forest_lined_ring, infiniplex_forest_zigzag_1,
          infiniplex_forest_clump_small, infiniplex_forest_lined_corner,
          infiniplex_forest_clump_cross, infiniplex_forest_clump_diagonal,
          infiniplex_forest_straight_3, minmay_stone_trees_small,
          minmay_misc_feat_plants
D:2:      layout_loops_cross, shapermc_ecumenical_altar_pompeii, st_stairs_4,
          uniq_jessica
D:3:      layout_loops_ring, uniq_terence, uniq_sigmund
D:6:      layout_basic, mainiacjoe_overflow_tiny_flanked,
          minmay_temple_entry_glass, hellmonk_ghost_happy_afterlife,
          cheibrodos_sewer_entry_drain, uniq_pikel, uniq_prince_ribbit1,
          uniq_duvessa
Temple:   eino_temple_rhombus

Skill      XL: |  1  2  3  4  5  6 |
---------------+-------------------+-----
Conjurations   | 6 7 |  7.0
Spellcasting   | 3 4 |  4.8
Hexes          | 1 2 |  2.4
Dodging        | |  2.2
Stealth        | |  2.1

Action                   |  1- 3 |  4- 6 |  7- 9 || total
-------------------------+-------+-------+-------++-------
Melee: Unarmed           |     3 |       |       ||     3
       Dagger            |       |     9 |       ||     9
       Kick              |       |     1 |       ||     1
       Peck              |       |     1 |       ||     1
 Cast: Magic Dart        |    53 |    24 |       ||    77
       Searing Ray       |     6 |    17 |     3 ||    26
Armor: Robe              |     3 |       |       ||     3
Dodge: Dodged            |     9 |    14 |    14 ||    37

Table legend: (Time is in decaauts)
 A = Elapsed time spent in this place.
 B = Non-inter-level travel time spent in this place.
 C = Inter-level travel time spent in this place.
 D = Time resting spent in this place.
 E = Time spent auto-exploring this place.
 F = Levels seen in this place.
 G = Mean time per level.
                   A        B        C        D        E       F      G
               +--------+--------+--------+--------+--------+-----+--------+
         Total |   4111 |   4070 |     41 |   1862 |   1823 |   5 |  822.2 |
       Dungeon |   3898 |   3866 |     32 |   1811 |   1688 |   4 |  974.5 |
        Temple |    212 |    203 |      9 |     51 |    135 |   1 |  212.0 |
               +--------+--------+--------+--------+--------+-----+--------+

Top non-repeatable levels by time:
     D:1: 1544 daAuts
     D:2: 1235 daAuts
     D:3: 1072 daAuts
  Temple: 212 daAuts
     D:6: 47 daAuts
